Map: Proxima Station LE

Players

Killerrjkx

  • Race: Zerg Zerg
  • League: Silver
  • Spawn Location: 7:00

Juxtapose - Winner!

  • Race: Terran Terran
  • Spawn Location: 1:00

VOD

https://youtu.be/eEuea0SDKOQ

Description

This was an intense match for me, and I made many, many mistakes. My skill difference between when I was regularly playing Unranked through May into June and now is very clear.

I've also never had to tackle mass Mutalisks before as Terran, and I struggled here. Sadly, I completely forgot to research Stimpack, the obvious solution to letting Marines take Mutalisks out. In hindsight, I should also have gone for Widow Mines before Siege Tanks as well.

I did get to have some fun with Ravens in this match, and I earn a lot of Achievements at its end!

Time

  • Played on: July 15, 2017, 5 p.m.
  • Length: 23:00
Show
View Real Time Build Order
Export as new Build Order

Killerrjkx Zerg 

Build Orders: Hatch First, Muta Ling Bane 

Get SALT Encoding   

  12  0:01  Drone  
  13  0:11  Drone  
  14  0:33  Hatchery  
  13  0:37  Drone  
  14  0:54  Spawning Pool  
  13  0:57  Drone  
  14  1:05  Overlord  
  14  1:22  Drone, Extractor  
  14  1:25  Drone x2  
  16  1:46  Queen  
  16  1:47  Queen  
  16  1:48  Drone  
  16  1:52  Zergling x2  
  22  1:58  Drone x2  
  24  2:01  Drone  
  25  2:09  Overlord  
  25  2:40  Metabolic Boost  
  25  2:47  Drone x4  
  25  2:48  Drone  
  30  2:53  Drone  
  30  2:56  Hatchery  
  29  3:03  Overlord  
  29  3:05  Drone x3  
  32  3:13  Drone x3  
  32  3:17  Overlord  
  35  3:32  Extractor  
  34  3:36  Drone  
  34  3:37  Drone x6  
  34  3:38  Drone x3  
  44  3:47  Extractor  
  43  3:50  Baneling Nest  
  42  4:05  Lair  
  42  4:10  Drone x2  
  42  4:11  Drone x4  
  42  4:15  Queen  
  42  4:17  Queen  
  52  4:40  Drone x3  
  52  4:42  Drone x2  
  52  4:44  Overlord x2  
  52  4:45  Overlord x4  
  57  4:51  Extractor  
  56  5:16  Extractor  
  56  5:17  Extractor  
  54  5:21  Drone  
  54  5:22  Drone x2  
  54  5:24  Drone  
  54  5:25  Drone x3  
  54  5:27  Drone x3  
  64  5:28  Drone x2  
  66  5:38  Drone  
  66  5:40  Zergling x2  
  66  5:41  Zergling x8  
  72  5:44  Overseer  
  72  5:46  Centrifical Hooks  
  72  5:52  Spire  
  72  5:55  Zergling x6  
  72  5:56  Hatchery, Zergling x4  
  75  6:19  Overseer  
  75  6:54  Evolution Chamber  
  75  6:56  Evolution Chamber  
  75  6:58  Spore Crawler  
  75  7:00  Spore Crawler  
  71  7:10  Baneling x10  
  71  7:11  Mutalisk x14, Baneling x3  
  71  7:15  Zergling x2  
  100  7:16  Zergling x8  
  100  7:18  Overlord  
  100  7:19  Overlord x6  
  104  7:41  Mutalisk x4  
  104  7:42  Mutalisk  
  112  7:45  Zergling x16  
  97  8:04  Zergling x10  
  66  8:50  Zergling x20  
  53  9:24  Zergling x4  
  53  9:25  Zergling x12  
  53  9:26  Zergling x2  
  62  9:41  Zerg Flyer Weapons Level 1  
  62  9:45  Hatchery  
  61  9:57  Hatchery  
  58  10:07  Drone x9  
  59  10:32  Zergling x4  
  59  10:33  Zergling x10  
  66  10:52  Baneling x5  
  66  10:53  Baneling x7  
  46  11:24  Mutalisk x3  
  46  11:25  Mutalisk x6  
  61  11:40  Mutalisk  
  61  11:41  Mutalisk x3  
  61  11:45  Drone x2  
  71  12:05  Hatchery  
  70  12:25  Drone x3  
  70  12:26  Queen  
  75  12:55  Zergling x18  
  75  12:56  Zergling x10  
  89  13:02  Queen  
  91  13:07  Zerg Flyer Weapons Level 2  
  91  13:34  Drone  
  91  13:35  Drone x11  
  103  13:55  Overseer x2  
  103  13:56  Overseer  
  103  14:01  Baneling x5  
  99  14:34  Hatchery  
  98  14:45  Extractor x2  
  97  14:47  Drone x3  
  99  14:59  Overlord x2  
  99  15:00  Overlord x2  
  99  15:02  Zergling x16  
  99  15:03  Zergling x16  
  99  15:06  Queen  
  117  15:22  Drone x6  
  117  15:23  Drone x2  
  123  15:55  Zergling x2  
  123  15:56  Zergling x30  
  139  16:06  Evolution Chamber  
  139  16:07  Evolution Chamber  
  137  16:12  Hatchery  
  136  16:33  Hatchery  
  135  16:52  Zerg Ground Armor Level 1  
  135  16:54  Zerg Melee Weapons Level 1  
  135  16:57  Zerg Flyer Armor Level 1  
  135  17:03  Infestation Pit  
  122  17:46  Baneling x10  
  122  17:47  Baneling x8  
  122  17:52  Mutalisk x2  
  122  17:53  Mutalisk x20  
  117  18:16  Zergling x2  
  117  18:17  Zergling x34  
  117  18:18  Zergling x6  
  138  18:55  Overlord x3  
  138  18:59  Hive  
  136  19:06  Extractor  
  73  19:53  Zergling x32  
  73  19:54  Zergling x16  
  96  20:20  Baneling  
  96  20:21  Baneling x12  
  96  20:24  Drone x2  
  96  20:28  Extractor  
  77  20:30  Extractor  
  58  20:54  Hydralisk Den  
  47  21:01  Extractor  
  39  21:05  Zerg Missile Weapons Level 1  
  39  21:09  Roach Warren, Zergling x10  
  39  21:10  Zergling x50  
  65  21:30  Spore Crawler  
  65  21:31  Spore Crawler x2  
  51  21:51  Roach x10  
  51  21:52  Roach x8  
Show
View Real Time Build Order
Export as new Build Order

Juxtapose Terran - Winner!

Build Orders:  

Get SALT Encoding   

  12  0:01  SCV  
  13  0:13  SCV  
  14  0:22  Supply Depot  
  14  0:25  SCV  
  15  0:44  SCV  
  15  0:47  Barracks  
  16  0:56  SCV  
  17  1:03  Supply Depot  
  17  1:08  SCV  
  18  1:19  Refinery  
  18  1:20  SCV  
  20  1:32  SCV  
  20  1:36  Marine  
  21  1:47  Orbital Command  
  21  1:53  Marine  
  22  1:58  Barracks  
  22  2:05  Refinery  
  22  2:11  Marine  
  23  2:17  SCV  
  24  2:29  SCV  
  25  2:32  Barracks Reactor  
  25  2:41  SCV  
  25  2:47  Factory  
  25  2:53  Command Center  
  25  2:54  SCV  
  26  3:00  Barracks Tech Lab  
  26  3:06  SCV  
  27  3:15  Supply Depot  
  27  3:17  Engineering Bay  
  27  3:18  SCV  
  28  3:23  Combat Shields  
  28  3:25  Marine  
  29  3:32  Marine x2  
  31  3:34  Factory Tech Lab  
  31  3:42  Supply Depot  
  31  3:43  Marauder  
  31  3:45  Terran Infantry Weapons Level 1  
  33  3:50  Missile Turret  
  36  3:55  Siege Tank  
  36  4:05  Orbital Command  
  36  4:26  Starport  
  36  4:30  Marine  
  36  4:31  Marine  
  38  4:40  SCV x2  
  40  4:46  Supply Depot  
  40  4:51  Concussive Shells  
  40  4:52  Marauder, SCV  
  43  4:53  SCV, Marine  
  43  4:57  Marine  
  46  5:03  Starport Tech Lab  
  46  5:11  Marine  
  46  5:14  Marauder  
  49  5:15  Marine, SCV x2  
  49  5:17  Siege Tank  
  55  5:29  Marine  
  55  5:31  Refinery  
  55  5:32  Marine  
  55  5:34  SCV x2, Refinery  
  59  5:40  Terran Infantry Armor Level 1, Medivac  
  61  5:46  Marine x2  
  63  5:50  Marine  
  64  5:59  Supply Depot  
  64  6:04  Marine x2  
  64  6:06  Missile Turret  
  64  6:07  SCV x2  
  68  6:19  SCV x2  
  68  6:21  Supply Depot, Siege Tank  
  68  6:23  Marine x3  
  76  6:31  SCV x2  
  78  6:42  Marine x2, Medivac  
  78  6:43  Marauder  
  78  6:46  Supply Depot  
  84  6:48  SCV x2  
  86  7:08  Marine x2, Marauder, Siege Tank  
  93  7:09  Supply Depot  
  93  7:31  Medivac  
  93  7:33  Supply Depot  
  95  7:40  Siege Tank  
  98  7:46  Marine x3  
  101  7:56  Supply Depot  
  96  8:01  Medivac  
  96  8:03  Marine  
  99  8:06  Marine x2  
  101  8:14  Siege Tank  
  102  8:21  Marine  
  99  8:31  Medivac  
  91  8:41  Marine x2  
  91  8:42  Marine  
  91  8:44  Liberator  
  91  8:46  Siege Tank  
  93  8:59  Marine x2  
  93  9:00  Marine  
  78  9:17  Marine x2  
  78  9:18  Marine, Siege Tank  
  78  9:26  Liberator  
  72  9:35  Marine x2  
  72  9:36  Marine  
  74  9:46  Command Center  
  74  9:48  Armory  
  74  9:50  Siege Tank  
  73  9:52  Marine  
  73  9:53  Marine  
  73  9:54  Marine  
  75  10:09  Liberator  
  75  10:12  Marine x3  
  74  10:36  Missile Turret  
  74  10:39  Terran Infantry Weapons Level 2, Missile Turret  
  73  10:51  Marine x2  
  73  10:52  Liberator  
  75  11:09  Marine x2  
  62  11:26  Marine x2  
  52  11:35  Liberator  
  52  11:44  Marine x2  
  52  12:02  Marine x2  
  52  12:06  Widow Mine  
  53  12:18  Liberator  
  53  12:20  Marine x2  
  53  12:35  Widow Mine  
  58  12:38  Marine x2  
  49  12:55  Marine  
  49  12:56  Marine  
  51  13:13  Marine x2  
  51  13:18  Medivac  
  52  13:30  Widow Mine  
  52  13:31  Marine  
  52  13:33  Marine  
  56  13:49  Marine  
  56  13:51  Marine, Orbital Command  
  56  13:53  Starport Tech Lab  
  58  13:58  Widow Mine  
  60  14:06  Starport  
  60  14:07  Marine  
  60  14:08  Marine  
  62  14:11  Barracks  
  62  14:24  Marine  
  62  14:26  Marine  
  62  14:27  Widow Mine  
  66  14:31  Missile Turret  
  63  14:42  Marine  
  63  14:44  Marine  
  65  14:51  Viking  
  67  14:53  Medivac  
  67  14:55  Widow Mine  
  71  15:00  Marine  
  71  15:02  Marine  
  73  15:18  Marine, Refinery  
  73  15:19  Refinery  
  73  15:20  Supply Depot  
  73  15:21  Viking  
  76  15:22  Missile Turret  
  76  15:23  Medivac  
  76  15:25  Siege Tank  
  81  15:30  Marine  
  82  15:36  Marine  
  82  15:40  Barracks Reactor  
  83  15:43  Missile Turret  
  83  15:45  Supply Depot  
  83  15:48  Marine  
  83  15:53  Raven, Missile Turret  
  83  15:54  Marine  
  83  15:56  Thor  
  92  15:57  Starport Reactor  
  92  16:06  Marine  
  93  16:11  Marine  
  93  16:14  Terran Ship Weapons Level 1  
  93  16:16  Terran Infantry Armor Level 2  
  94  16:24  Marine  
  94  16:25  Corvid Reactor  
  95  16:29  Marine x3  
  98  16:35  Raven  
  98  16:39  Thor  
  106  16:41  Supply Depot  
  106  16:42  Marine  
  107  16:47  Marine x3  
  110  17:00  Marine  
  111  17:04  Supply Depot  
  111  17:05  Marine x3  
  114  17:09  Supply Depot  
  114  17:17  Marine  
  114  17:18  Raven  
  114  17:22  Marine x2, Thor  
  123  17:23  Marine  
  123  17:28  Unknown x5  
  123  17:29  Unknown x2  
  126  17:34  Unknown x5  
  126  17:35  Marine  
  127  17:40  Marine x2  
  127  17:43  Recalibrated Explosives  
  125  18:05  Thor  
  119  18:08  Terran Vehicle And Ship Armor Level 1  
  119  18:10  Marine x4  
  55  18:28  Marine x4  
  59  18:44  Viking  
  59  18:45  Viking  
  59  18:46  Marine x4  
  59  18:48  Thor  
  75  18:50  Raven  
  74  19:03  Marine  
  75  19:14  Viking  
  69  19:26  Marine x4  
  69  19:30  Thor  
  76  19:31  Viking  
  76  19:33  Raven  
  80  19:44  Marine x4, Viking  
  85  20:01  Viking  
  85  20:02  Marine x4  
  91  20:14  Thor  
  91  20:16  Raven  
  91  20:19  Marine  
  91  20:20  Marine x3  
  101  20:37  Marine x2  
  101  20:38  Marine x2  
  101  20:39  Command Center  
  83  20:55  Marine x4  
  87  20:58  Raven  
  89  21:13  Marine x4  
  93  21:31  Marine x4  
  97  21:41  Raven  
  99  21:49  Marine x4  
  99  21:51  Planetary Fortress  
  103  21:58  Missile Turret  
  103  22:00  Refinery  
  103  22:04  Refinery  
  103  22:06  Marine x2  
  103  22:07  Marine x2  
  107  22:24  Marine x4  
Tags
 
Composition
Muta Ling Bane
League
Silver
Matchup
TvZ
Spawn Locations
Cross Positions
Add a new tag
Caveats
  • Supply blocks, unpowered buildings, or Contaminate may cause inaccurate times.
  • Supply counts are checked every 10 seconds.